 Dungeon Crawl Stone Soup version 0.19.0 (webtiles) character file.

5830 bombasticus the Cleaver (level 10, -1/90 (91) HPs)
             Began as a Minotaur Berserker on Nov 15, 2016.
             Was a High Priest of Trog.
             Slain by a cyclops (24 damage)
             ... on level 11 of the Dungeon.
             The game lasted 00:32:34 (8339 turns).

bombasticus the Cleaver (Minotaur Berserker)        Turns: 8339, Time: 00:32:35

HP:   -1/90 (91)    AC: 12    Str: 25    XL:     10   Next: 51%
MP:   9/9           EV:  6    Int:  4    God:    Trog [*****.]
Gold: 355           SH:  0    Dex: 14    Spells: 0 memorised, 9 levels left

rFire  + . .     SeeInvis .     s - +2 war axe (venom)
rCold  . . .     Gourm    .     P - +2 plate armour {rF+}
rNeg   . . .     Faith    .     (no shield)
rPois  .         Spirit   .     (helmet restricted)
rElec  .         Reflect  .     W - +0 cloak (curse)
rCorr  .         Harm     .     (no gloves)
MR     .....     Rnd*Rage +     (no boots)
Stlth  ..........               G - amulet of rage
                                h - +6 ring of dexterity
                                m - -3 ring of evasion (curse)

@: exhausted, slowed, very slow
A: retaliatory headbutt, horns 2, berserk 1, clumsy 1, deformed body, MP-powered
wands
a: Berserk, Trog's Hand, Brothers in Arms, Burn Spellbooks, Renounce Religion,
Evoke Berserk Rage


You were on level 11 of the Dungeon.
You worshipped Trog.
Trog was extremely pleased with you.
You were very hungry.

You visited 1 branch of the dungeon, and saw 11 of its levels.
You also visited: Labyrinth.

You collected 445 gold pieces.
You spent 90 gold pieces at shops.

Inventory:

Hand Weapons
 s - a +2 war axe of venom (weapon)
 D - a +1 flail of protection
 S - a +1 dagger of draining
 X - the +3 shortbow "Jaitox" {velocity, *Slow Int+3 Dex+5}
   (You found it in a labyrinth)

   Any arrow fired from it inflicts extra damage.
   It affects your intelligence (+3).
   It affects your dexterity (+5).
   It may slow you when you take damage.
Armour
 P - a +2 plate armour of fire resistance (worn)
 W - a cursed +0 cloak (worn)
Jewellery
 e - an uncursed ring of fire
 f - an uncursed ring of flight {unknown}
 g - an uncursed ring of protection from cold {unknown}
 h - a +6 ring of dexterity (right hand)
 j - a cursed ring of loudness {unknown}
 m - a cursed -3 ring of evasion (left hand)
 q - a cursed ring of loudness {unknown}
 u - an uncursed ring of poison resistance {unknown}
 E - a +2 ring of strength {unknown}
 G - an amulet of rage (around neck)
 H - a cursed ring of teleportation {unknown}
 O - an uncursed ring of poison resistance {unknown}
 Q - an uncursed ring of protection from fire {unknown}
 U - a +3 ring of intelligence {unknown}
 V - a cursed ring of loudness {unknown}
Wands
 d - a wand of enslavement (18/24)
 p - a wand of random effects (30/48)
 r - a wand of confusion (22/48)
 x - a wand of polymorph (7/24)
 y - a wand of polymorph (21/24)
 B - a wand of digging (6/24)
 C - a wand of flame (20/48)
 K - a wand of slowing (21/48)
Scrolls
 b - a scroll of fog {unknown}
 k - a scroll of magic mapping {unknown}
 o - a scroll of random uselessness {unknown}
 v - 2 scrolls of recharging {unknown}
 w - 4 scrolls of remove curse
 A - 3 scrolls of teleportation
 M - a scroll of blinking {unknown}
Potions
 a - a potion of heal wounds {unknown}
 l - 12 potions of curing
 t - 7 potions of agility
 z - a potion of mutation {unknown}
 F - a potion of cancellation
 I - a potion of lignification
 N - a potion of brilliance {unknown}
Comestibles
 c - 10 bread rations
 i - 7 meat rations
 L - 5 fruits
 R - 5 chunks of flesh


   Skills:
 + Level 9.2 Fighting
   Level 5.0 Long Blades
 + Level 12.3 Axes
 + Level 9.5 Armour
 + Level 4.5 Dodging
 + Level 1.4 Stealth
 + Level 1.2 Unarmed Combat


You had 9 spell levels left.
You didn't know any spells.

Dungeon Overview and Level Annotations

Branches:
Dungeon (11/15)            Temple (0/1) D:6
   Lair: D:8-11         Orc: D:9-12

Altars:
Ashenzari
Cheibriados
Elyvilon
Hepliaklqana
Nemelex Xobeh
Okawaru
Ru
Vehumet
The Shining One

Shops:
D:5 !   D:6 *

Annotations:
D:6 exclusion: statue
D:10 2 runed doors, Gastronok
D:11 exclusion: obsidian statue


Innate Abilities, Weirdness & Mutations

You reflexively headbutt those who attack you in melee.
You have a pair of horns on your head.
You tend to lose your temper in combat.
You are clumsy. (Dex -2)
Armour fits poorly on your strangely shaped body.
You expend magic power (3 MP) to strengthen your wands.


Message History

Found two stone staircases leading down.
There is an open door, spattered with blood here.
You see here a large rock.
You feel your anger subside.
The cyclops throws a large rock.
The large rock hits you!
* * * LOW HITPOINT WARNING * * *
A gargoyle comes into view. It is wielding a mace.
You see here a large rock.
You are no longer berserk.
You are exhausted.
You feel yourself slow down.
You slash the cyclops!
The cyclops is poisoned.
The cyclops is moderately wounded.
The cyclops closely misses you. The water moccasin closely misses you.
You hit the cyclops but do no damage.
The cyclops looks as sick as possible!
The cyclops is moderately wounded.
You miss the water moccasin.
The water moccasin bites you but does no damage.
The cyclops hits you!!
You die...

..# #.# #.#
#.# #!# #(#
########+# #.#
#.C....... #.#
+.@S..9>.. #.#
#.(....... #.#
#........> #.#
##(####### #.#
#.(## #.#
##..#### #.#
##....# #.#
####.# #.#
###'########.#


You could see a cyclops, a water moccasin and a gargoyle.

Vanquished Creatures
  A minotaur (Lab)
  The ghost of Oroborous the Slasher, a novice HESk of Dithmenos (D:6)
  A centaur zombie (D:7)
  A komodo dragon (D:11)
  A merfolk (D:9)
  A minotaur skeleton (Lab)
  3 hungry ghosts
  Edmund (D:4)
  A water moccasin (D:6)
  3 orc warriors
  2 ice beasts
  2 sky beasts
  A phantom (D:9)
  A necrophage (D:9)
  An ogre (D:5)
  2 centaurs
  A crocodile (D:7)
  Blork the orc (D:6)
  5 bullfrogs
  A wyvern zombie (D:9)
  A water moccasin skeleton (D:7)
  4 killer bees
  A howler monkey (D:6)
  5 crimson imps
  2 quasits
  2 bullfrog zombies (D:7)
  9 orc wizards
  4 hounds
  2 jellies
  5 orc priests
  A centaur skeleton (D:8)
  3 iguanas
  10 worker ants
  A hound zombie (D:5)
  A worker ant zombie (D:10)
  The ghost of hyperkramin the Sneak, a weakling SpEn (D:9)
  4 gnolls (D:6)
  15 adders
  A shadow imp (D:7)
  3 worms
  2 dart slugs
  6 leopard geckos
  19 orcs
  3 ball pythons
  9 bats
  12 giant cockroaches
  4 goblins
  8 hobgoblins
  10 jackals
  8 kobolds
  4 quokkas
  2 frilled lizards
  A leopard gecko skeleton (D:5)
  6 rats
200 creatures vanquished.

Vanquished Creatures (others)
  An iguana (D:7)
1 creature vanquished.

Grand Total: 201 creatures vanquished

Notes
Turn   | Place    | Note
-------+----------+-------------------------------------------
     0 | D:1      | bombasticus the Minotaur Berserker began the quest for the Orb.
     0 | D:1      | Reached XP level 1. HP: 19/19 MP: 0/0
   247 | D:1      | Reached XP level 2. HP: 22/27 MP: 1/1
   865 | D:2      | Reached XP level 3. HP: 15/33 MP: 2/2
  1102 | D:2      | Found an iron altar of Okawaru.
  1201 | D:2      | Reached XP level 4. HP: 4/41 MP: 3/3
  1403 | D:2      | Reached ** piety under Trog
  1474 | D:2      | Found a snail-covered altar of Cheibriados.
  1584 | D:2      | Reached skill level 5 in Long Blades
  1702 | D:2      | Found a sparkling altar of Nemelex Xobeh.
  1774 | D:2      | Found a sacrificial altar of Ru.
  1864 | D:3      | Reached skill level 1 in Stealth
  2035 | D:3      | Reached skill level 1 in Axes
  2035 | D:3      | Reached XP level 5. HP: 41/47 MP: 4/4
  2167 | D:3      | Reached *** piety under Trog
  2170 | D:3      | Reached skill level 2 in Axes
  2516 | D:4      | Reached skill level 5 in Fighting
  2651 | D:4      | Reached skill level 3 in Axes
  2665 | D:4      | Noticed Edmund
  2692 | D:4      | Killed Edmund
  2692 | D:4      | Reached skill level 4 in Axes
  2692 | D:4      | Reached XP level 6. HP: 33/56 MP: 5/5
  3180 | D:5      | Entered Level 5 of the Dungeon
  3251 | D:5      | Found Neuckeb's Distillery.
  3266 | D:5      | Bought a potion of lignification for 30 gold pieces
  3266 | D:5      | Bought a potion of curing for 30 gold pieces
  3266 | D:5      | Bought a potion of curing for 30 gold pieces
  3276 | D:5      | Reached XP level 7. HP: 54/61 MP: 6/6
  3303 | D:5      | Reached skill level 5 in Axes
  3311 | D:5      | Gained mutation: Armour fits poorly on your strangely shaped body. [mutagenic meat]
  3312 | D:5      | Gained mutation: You tend to lose your temper in combat. [mutagenic meat]
  3313 | D:5      | Gained mutation: You expend magic power (3 MP) to strengthen your wands. [mutagenic meat]
  3314 | D:5      | Gained mutation: You are clumsy. (Dex -2) [mutagenic meat]
  3345 | D:5      | Reached skill level 1 in Unarmed Combat
  3537 | D:5      | Reached **** piety under Trog
  3605 | D:5      | Found a sparkling altar of Nemelex Xobeh.
  3792 | D:6      | Reached skill level 6 in Axes
  3853 | D:6      | Reached skill level 5 in Armour
  3860 | D:6      | Reached XP level 8. HP: 18/70 MP: 7/7
  4011 | D:6      | Noticed Oroborous's ghost (novice HESk)
  4022 | D:6      | Killed Oroborous's ghost
  4022 | D:6      | Reached skill level 7 in Axes
  4131 | D:6      | Found a staircase to the Ecumenical Temple.
  4201 | D:6      | Reached skill level 8 in Axes
  4267 | D:6      | Found a radiant altar of Vehumet.
  4476 | D:6      | Found Jarrunaq's Serpentskin Sales.
  4486 | D:6      | Reached skill level 9 in Axes
  5110 | D:6      | Noticed Blork the orc
  5118 | D:6      | Killed Blork the orc
  5118 | D:6      | Reached XP level 9. HP: 57/78 MP: 8/8
  5627 | D:7      | Reached skill level 10 in Axes
  6529 | D:8      | Reached skill level 11 in Axes
  6542 | D:8      | Reached ***** piety under Trog
  6732 | D:9      | Noticed hyperkramin's ghost (weakling SpEn)
  6736 | D:9      | Killed hyperkramin's ghost
  6970 | D:9      | Found a glowing golden altar of the Shining One.
  7005 | D:9      | Reached XP level 10. HP: 65/90 MP: 9/9
  7319 | D:9      | Found a hazy altar of Hepliaklqana.
  7320 | D:9      | Found a shattered altar of Ashenzari.
  7376 | D:9      | Found a white marble altar of Elyvilon.
  7552 | D:10     | Entered Level 10 of the Dungeon
  7552 | D:10     | Found a runed door.
  7552 | D:10     | Noticed an ice dragon
  7552 | D:10     | Noticed Gastronok
  7554 | D:10     | Noticed a fire dragon
  7554 | D:10     | Noticed an ice dragon
  7554 | D:10     | Noticed a fire dragon
  7558 | D:10     | Found a runed door.
  7905 | D:11     | Found a labyrinth entrance.
  7928 | Lab      | Entered a labyrinth
  8138 | Lab      | Reached skill level 12 in Axes
  8211 | Lab      | Noticed a minotaur
  8215 | Lab      | Killed a minotaur
  8227 | Lab      | Identified the Compendium of Enchantment
  8243 | Lab      | Got an iridescent shortbow
  8290 | D:11     | Noticed an obsidian statue
  8300 | D:11     | Identified the +3 shortbow "Jaitox" {velocity, *Slow Int+3 Dex+5} (You found it in a labyrinth)
  8332 | D:11     | Noticed a cyclops
  8337 | D:11     | Noticed a gargoyle
  8339 | D:11     | Slain by a cyclops

Skill      XL: |  1  2  3  4  5  6  7  8  9 10 |
---------------+-------------------------------+-----
Long Blades    | 4 5 |  5.0
Fighting       | 4 5 6 8 9 |  9.2
Stealth        | 1 |  1.4
Axes           | 1 4 6 9 11 12 | 12.3
Dodging        | 3 4 |  4.5
Armour         | 3 5 6 8 9 |  9.5
Unarmed Combat | 1 |  1.2

Action                   |  1- 3 |  4- 6 |  7- 9 | 10-12 || total
-------------------------+-------+-------+-------+-------++-------
Melee: Falchion          |    50 |       |       |       ||    50
       Headbutt          |    10 |    16 |    45 |    21 ||    92
       War axe           |     4 |    94 |   218 |    76 ||   392
       Unarmed           |       |    12 |       |       ||    12
       Punch             |       |       |     2 |       ||     2
Invok: Berserk           |       |     1 |     5 |     1 ||     7
       Burn Spellbooks   |       |       |       |     1 ||     1
       Brothers in Arms  |       |       |       |     1 ||     1
  Use: Potion            |       |     1 |     2 |       ||     3
       Scroll            |       |       |     5 |     2 ||     7
 Stab: Sleeping          |     2 |       |       |       ||     2
  Eat: Chunk             |     1 |     7 |    20 |     5 ||    33
       Royal jelly       |       |       |     1 |       ||     1
       Pizza             |       |       |     1 |       ||     1
       Fruit             |       |       |       |     2 ||     2
       Beef jerky        |       |       |       |     1 ||     1
Armor: Animal skin       |     6 |     1 |       |       ||     7
       Leather armour    |       |    18 |       |       ||    18
       Ring mail         |       |    15 |       |       ||    15
       Scale mail        |       |    13 |    58 |       ||    71
       Plate armour      |       |       |    33 |    61 ||    94
Dodge: Dodged            |    42 |    70 |    91 |    25 ||   228
       Rpst.: Falchion   |     7 |       |       |       ||     7
